Map: Catalyst LE

Players

Lambo - Winner!

  • Race: Zerg Zerg
  • League: Grandmaster
  • Spawn Location: 5:00

LiquidMaNa (MaNa)

  • Race: Protoss Protoss
  • League: Master
  • Spawn Location: 11:00

Event: HomeStory Cup XVI

VOD

Have the link to the VOD?

Description

Time

  • Played on: Nov. 9, 2017, 3:45 p.m.
  • Length: 10:19

All games in this series

Show
View Real Time Build Order
Export as new Build Order

Lambo Zerg - Winner!

Build Orders: Hatch First 

Get SALT Encoding   

  12  0:00  Drone  
  13  0:13  Overlord  
  13  0:17  Drone  
  14  0:31  Drone x2  
  16  0:48  Hatchery  
  15  0:51  Drone  
  15  0:55  Drone  
  17  0:58  Drone  
  18  1:11  Extractor  
  18  1:14  Spawning Pool  
  18  1:16  Drone  
  17  1:20  Drone  
  18  1:32  Drone  
  19  1:42  Overlord  
  19  1:51  Drone  
  20  2:00  Queen x2  
  20  2:01  Zergling x4  
  26  2:10  Drone  
  26  2:11  Metabolic Boost  
  26  2:14  Drone  
  28  2:21  Drone  
  29  2:26  Drone  
  30  2:39  Hatchery  
  30  2:40  Drone  
  30  2:43  Drone  
  31  2:51  Pneumatized Carapace  
  31  2:53  Overlord  
  31  3:00  Drone x2  
  31  3:01  Zergling x2  
  34  3:07  Zergling x2  
  34  3:10  Drone  
  34  3:12  Drone x3  
  39  3:18  Drone  
  39  3:19  Queen  
  39  3:25  Spore Crawler  
  40  3:27  Spore Crawler  
  40  3:28  Drone  
  40  3:31  Drone  
  41  3:36  Drone x2  
  41  3:40  Overlord  
  43  3:48  Roach Warren  
  44  3:50  Overlord  
  44  3:51  Drone x2  
  44  3:55  Drone x3  
  49  4:04  Overlord  
  49  4:08  Queen  
  51  4:17  Spine Crawler, Zergling x2  
  51  4:18  Zergling x14  
  58  4:33  Spore Crawler  
  58  4:36  Drone x5  
  60  4:41  Spore Crawler, Drone  
  60  4:42  Lair  
  60  4:43  Roach x2  
  63  4:46  Spore Crawler  
  63  4:50  Roach  
  63  4:52  Overlord  
  64  4:57  Overlord  
  64  4:59  Overlord  
  64  5:00  Overlord  
  64  5:05  Overlord  
  64  5:07  Queen  
  64  5:08  Extractor  
  64  5:10  Extractor  
  64  5:11  Drone x3  
  68  5:14  Drone x2  
  68  5:16  Drone  
  68  5:20  Roach x2  
  72  5:23  Drone x2  
  72  5:25  Drone  
  72  5:28  Drone x2  
  76  5:30  Drone x2  
  76  5:32  Drone  
  76  5:34  Drone  
  77  5:36  Drone x2  
  77  5:39  Drone  
  77  5:40  Extractor, Glial Reconstitution  
  79  5:45  Overseer  
  79  5:46  Evolution Chamber  
  79  5:48  Roach  
  80  5:50  Drone x2  
  80  5:56  Drone x2  
  84  5:58  Roach x3  
  88  6:06  Ravager  
  88  6:08  Roach, Zergling x6  
  88  6:09  Zergling x2  
  95  6:15  Zergling x2  
  95  6:18  Drone x2  
  96  6:21  Extractor  
  96  6:23  Extractor, Hatchery  
  93  6:27  Zerg Melee Weapons Level 1  
  93  6:31  Roach x5  
  93  6:32  Baneling Nest  
  102  6:34  Drone x2  
  102  6:36  Overlord  
  102  6:37  Overseer  
  104  6:48  Overlord  
  104  6:55  Drone  
  104  6:56  Overlord  
  104  6:57  Overlord  
  105  7:07  Roach x3, Zergling x4  
  105  7:08  Zergling x4  
  113  7:12  Roach  
  113  7:14  Queen  
  114  7:16  Overlord  
  114  7:22  Drone x6  
  120  7:23  Spire  
  120  7:28  Drone x3  
  122  7:30  Drone x3  
  122  7:34  Queen  
  127  7:42  Zergling x12  
  133  7:44  Centrifical Hooks  
  133  7:46  Drone x4  
  137  7:52  Overlord  
  137  8:03  Zergling x12  
  137  8:04  Zergling x2  
  144  8:12  Zergling x2  
  135  8:13  Zergling x6  
  134  8:20  Zergling x6  
  134  8:21  Zergling x4  
  134  8:25  Overlord  
  134  8:26  Infestation Pit, Overlord  
  138  8:33  Overlord  
  138  8:34  Overlord  
  138  8:37  Hatchery  
  138  8:38  Corruptor x4  
  138  8:39  Corruptor  
  149  8:41  Roach  
  149  8:42  Ravager x2  
  149  8:43  Ravager  
  149  8:47  Roach x3  
  149  8:48  Roach  
  160  8:56  Roach x2, Zergling x6  
  160  8:57  Zergling x2  
  168  9:03  Overlord  
  168  9:04  Hive  
  168  9:07  Overlord  
  168  9:10  Zergling x2  
  168  9:11  Zergling x12  
  168  9:16  Roach x2, Zergling x6  
  181  9:24  Extractor  
  181  9:27  Roach x2, Zergling x6  
  181  9:29  Baneling x15  
  186  9:35  Roach x2, Zergling x4  
  186  9:37  Overlord, Baneling x8  
  191  9:46  Roach  
  191  9:47  Roach x3, Zergling x4  
  177  9:54  Zergling x6  
  177  9:56  Zergling x2  
  177  9:57  Roach x2, Zergling x6  
  177  9:59  Roach x2, Zergling x4  
Show
View Real Time Build Order
Export as new Build Order

LiquidMaNa Protoss 

Build Orders: 1 Gate Expand 

Get SALT Encoding   

  12  0:02  Probe (Chrono Boost)  
  14  0:14  Probe (Chrono Boost)  
  14  0:20  Pylon  
  14  0:26  Probe (Chrono Boost)  
  15  0:34  Probe (Chrono Boost)  
  15  0:42  Probe (Chrono Boost)  
  16  0:44  Gateway  
  16  0:49  Assimilator  
  17  0:54  Probe (Chrono Boost)  
  18  1:00  Probe (Chrono Boost)  
  18  1:09  Probe (Chrono Boost)  
  20  1:26  Nexus  
  20  1:36  Cybernetics Core  
  20  1:45  Probe (Chrono Boost)  
  20  1:46  Assimilator  
  21  1:53  Pylon  
  21  1:57  Probe (Chrono Boost)  
  23  2:09  Probe (Chrono Boost)  
  23  2:13  Stalker  
  23  2:14  Warp Gate  
  25  2:21  Probe (Chrono Boost)  
  26  2:33  Probe (Chrono Boost)  
  26  2:34  Robotics Facility  
  27  2:43  Probe (Chrono Boost)  
  29  2:45  Probe (Chrono Boost)  
  29  2:51  Twilight Council  
  29  2:55  Probe (Chrono Boost)  
  29  2:57  Probe (Chrono Boost)  
  31  3:08  Gateway  
  31  3:15  Warp Prism  
  31  3:17  Gateway  
  31  3:19  Gateway  
  32  3:21  Charge  
  33  3:35  Probe (Chrono Boost)  
  33  3:38  Probe (Chrono Boost)  
  34  3:47  Probe (Chrono Boost)  
  36  3:50  Probe (Chrono Boost)  
  36  3:51  Pylon  
  36  3:59  Probe (Chrono Boost)  
  36  4:02  Probe (Chrono Boost)  
  34  4:12  Pylon  
  34  4:16  Probe x2 (Chrono Boost)  
  33  4:17  Zealot  
  33  4:18  Zealot  
  33  4:19  Zealot  
  33  4:22  Probe (Chrono Boost)  
  33  4:23  Probe (Chrono Boost)  
  38  4:30  Probe (Chrono Boost)  
  38  4:31  Probe (Chrono Boost)  
  38  4:38  Observer  
  41  4:39  Probe (Chrono Boost)  
  41  4:42  Probe (Chrono Boost)  
  42  4:45  Probe (Chrono Boost)  
  42  4:50  Probe (Chrono Boost), Sentry  
  47  4:55  Sentry x3  
  54  5:00  Probe (Chrono Boost)  
  54  5:03  Probe (Chrono Boost)  
  55  5:07  Pylon  
  55  5:12  Probe (Chrono Boost)  
  57  5:15  Probe (Chrono Boost)  
  57  5:26  Probe (Chrono Boost)  
  57  5:27  Probe (Chrono Boost)  
  59  5:35  Nexus  
  59  5:42  Probe x2 (Chrono Boost)  
  61  5:43  Immortal  
  61  5:47  Assimilator  
  61  5:48  Assimilator  
  65  5:52  Pylon  
  65  6:07  Zealot x2  
  65  6:10  Zealot x2  
  73  6:14  Immortal, Pylon  
  73  6:18  Probe x2 (Chrono Boost)  
  69  6:24  Probe x2 (Chrono Boost), Pylon  
  71  6:32  Robotics Bay  
  73  6:34  Robotics Facility  
  73  6:35  Probe x2 (Chrono Boost)  
  75  6:47  Probe x2 (Chrono Boost)  
  77  6:49  Forge x2  
  77  6:52  Probe (Chrono Boost)  
  78  6:57  Shield Battery  
  78  6:59  Probe x2 (Chrono Boost)  
  80  7:03  Zealot  
  80  7:05  Zealot  
  84  7:10  Colossus  
  84  7:11  Probe (Chrono Boost)  
  84  7:12  Probe x2 (Chrono Boost)  
  86  7:17  Colossus  
  86  7:22  Protoss Ground Armor Level 1  
  92  7:25  Probe x3 (Chrono Boost)  
  92  7:28  Protoss Ground Weapons Level 1  
  104  7:37  Probe x3 (Chrono Boost)  
  104  7:43  Pylon  
  104  7:46  Shield Battery  
  104  7:49  Shield Battery  
  104  7:50  Shield Battery  
  104  7:55  Probe x3 (Chrono Boost)  
  107  7:58  Assimilator  
  107  8:01  Assimilator  
  107  8:03  Zealot x3  
  111  8:05  Colossus  
  111  8:10  Extended Thermal Lance  
  117  8:27  Colossus  
  117  8:37  Photon Cannon  
  117  8:47  Gateway  
  117  8:48  Gateway  
  117  8:49  Gateway  
  117  8:54  Pylon  
  117  8:56  Pylon  
  117  8:57  Pylon  
  117  9:12  Colossus  
  117  9:15  Stalker x3  
  129  9:21  Stalker  
  129  9:23  Shield Battery  
  129  9:24  Immortal  
  135  9:26  Shield Battery  
  135  9:27  Shield Battery  
  127  9:39  Stalker x3  
  119  9:57  Zealot x2  
  104  10:03  Stalker x4  
  104  10:04  Stalker  
Tags
 
Add a new tag
Caveats
  • Supply blocks, unpowered buildings, or Contaminate may cause inaccurate times.
  • Supply counts are checked every 10 seconds.